 Dungeon Crawl Stone Soup version 0.31-a0-662-g684573625c (webtiles) character file.

Game seed: 6865470793802539962

1169 arthad the Shield-Bearer (level 8, -12/64 HPs)
             Began as a Formicid Fighter on Aug 31, 2023.
             Killed by divine providence
             ... invoked by an orc priest
              (15 damage)
             ... on level 5 of the Dungeon.
             The game lasted 00:08:24 (3749 turns).

arthad the Shield-Bearer (Formicid Fighter)         Turns: 3749, Time: 00:08:25

Health: -12/64     AC: 10    Str: 23    XL:     8   Next: 68%
Magic:  8/8        EV:  8    Int:  8    God:
Gold:   175        SH: 11    Dex: 13    Spells: 7/7 levels left

rFire   + . .        a - +1 war axe
rCold   + . .        p - +1 kite shield
rNeg    . . .        b - +0 scale mail
rPois   +            (helmet unavailable)
rElec   +            s - +0 cloak
rCorr   +            j - +0 pair of gloves
SInv    +            (no boots)
Will    .....        (no amulet) Stlth
                     r - ring of wizardry
HPRegen 0.30/turn    (no ring)
MPRegen 0.11/turn

%: wizardry (x1)
@: resistant
A: permanent stasis, dig shafts and tunnels, antennae 3, four strong arms
a: Dig, Shaft Self


You were on level 5 of the Dungeon.
You visited 1 branch of the dungeon, and saw 6 of its levels.

You collected 175 gold pieces.

Inventory:

Hand Weapons
 a - a +1 war axe (weapon)
 d - a +3 halberd of pain
 n - a +1 whip of flaming
Missiles
 v - 4 boomerangs (quivered)
Armour
 b - a +0 scale mail (worn)
 c - a +0 buckler
 j - a +0 pair of gloves (worn)
 p - a +1 kite shield (worn)
 s - a +0 cloak (worn)
Jewellery
 q - an amulet of faith
 r - a ring of wizardry (left hand)
Wands
 e - a wand of iceblast (6)
 h - a wand of mindburst (9)
Scrolls
 g - a scroll of enchant armour
 i - a scroll of poison
 l - a scroll of enchant weapon
 o - 2 scrolls of vulnerability
 w - a scroll of identify
Potions
 f - 2 potions of attraction
 k - a potion of degeneration
 t - a potion of haste


   Skills:
 + Level 6.2 Fighting
 + Level 5.1 Axes
 + Level 6.2 Armour
 + Level 7.5 Shields


You had 7 spell levels left.
You didn't know any spells.
Your spell library contained the following spells:

 Spells                   Type           Power      Damage    Failure   Level
 Apportation              Tloc           0%         N/A       58%         1
 Alistair's Intoxication  Tmut/Pois      0%         N/A       100%        5


Dungeon Overview and Level Annotations

Branches:
Dungeon (6/15)
 Temple: D:4-7

Altars:
Cheibriados

Shops:
D:6 [


Innate Abilities, Weirdness & Mutations

You cannot be hasted, slowed, berserked, paralysed or teleported.
You can dig through walls and to a lower floor.
You have a pair of large antennae on your head. (SInv)
Your four strong arms can wield two-handed weapons with a shield.


Message History

* * * LOW HITPOINT WARNING * * *
You are too injured to fight recklessly!
You are too injured to fight recklessly!
You closely miss the orc priest.
The orc priest is severely wounded.
The orc priest mumbles some strange prayers to Beogh against you.
Beogh smites you!
* * * LOW HITPOINT WARNING * * *
The orc priest looks braver for a moment.
You slash the orc priest!
You kill the orc priest!
You feel protected. The orc priest hits you with a +0 whip.
* * * LOW HITPOINT WARNING * * *
Okay, then.
Okay, then.
You closely miss the orc priest.
The orc priest hits you but does no damage. x2
You hit the orc priest.
The orc priest is moderately wounded.
The orc priest hits you but does no damage.
The orc priest calls upon Beogh to heal the orc priest.
The orc priest's wounds heal themselves!
You hit the orc priest.
The orc priest is lightly wounded.
The orc priest hits you but does no damage.
You slash the orc priest!
The orc priest is severely wounded.
You block the orc priest's attack.
The orc priest calls upon Beogh to heal the orc priest.
The orc priest is healed somewhat.
The orc priest hits you but does no damage.
You hit the orc priest.
The orc priest is heavily wounded.
You block the orc priest's attack.
You slash the orc priest!
You kill the orc priest!
The orc priest mumbles some strange prayers to Beogh against you.
Beogh smites you!
You die...

#####.## { #.o...#
#.##### #o# #.# #.#
#.# ########.# #..)#
#...@)o..# #...###
#.#####..# #.....
#........# #....
#.......##
#...#########....)..#
...............#....#
.............###.####
......รท......###.####
....................#


You could see an orc priest.

Vanquished Creatures
  Pikel (D:5)
  Sigmund (D:5)
  Blork the orc (D:6)
  A bullfrog (D:6)
  2 orc priests (D:5)
  2 hounds
  2 iguanas (D:5)
  A sleepcap (D:4)
  A mummy (D:5)
  9 gnolls
  9 adders
  3 dart slugs
  An orc (D:3)
  7 endoplasms
  7 giant cockroaches
  6 goblins
  2 hobgoblins (D:2)
  5 jackals
  2 quokkas (D:1)
  5 ball pythons
  7 bats
  2 frilled lizards
  10 kobolds
  4 rats
91 creatures vanquished.

Notes
Turn   | Place    | Note
-------+----------+-------------------------------------------
     0 | D:1      | arthad the Formicid Fighter began the quest for the Orb.
     0 | D:1      | Reached XP level 1. HP: 18/18 MP: 1/1
   226 | D:1      | Reached XP level 2. HP: 23/24 MP: 2/2
   526 | D:1      | Reached XP level 3. HP: 29/29 MP: 3/3
  1242 | D:2      | Reached XP level 4. HP: 37/37 MP: 4/4
  1461 | D:2      | Found a faded altar of an unknown god.
  1921 | D:3      | Reached XP level 5. HP: 42/42 MP: 5/5
  2037 | D:3      | Reached skill level 5 in Shields
  2653 | D:4      | Reached XP level 6. HP: 29/49 MP: 6/6
  2744 | D:4      | Noticed a water moccasin
  2747 | D:4      | You fall into a shaft and drop 2 floors!
  2756 | D:6      | Noticed Blork the orc
  2786 | D:6      | Killed Blork the orc
  2880 | D:6      | Reached XP level 7. HP: 32/55 MP: 7/7
  2925 | D:6      | Reached skill level 5 in Fighting
  2925 | D:6      | Reached skill level 5 in Armour
  3040 | D:6      | Reached skill level 6 in Shields
  3239 | D:6      | Found Xumpe's Armour Shoppe.
  3261 | D:5      | Entered Level 5 of the Dungeon
  3354 | D:5      | Noticed Pikel
  3385 | D:5      | Killed Pikel
  3386 | D:5      | Reached skill level 7 in Shields
  3386 | D:5      | Reached XP level 8. HP: 12/64 MP: 8/8
  3622 | D:5      | Found a snail-covered altar of Cheibriados.
  3636 | D:5      | Noticed Sigmund
  3641 | D:5      | Killed Sigmund
  3642 | D:5      | Reached skill level 5 in Axes
  3741 | D:5      | HP: 1/64 [orc priest/divine providence (11)]
  3749 | D:5      | Killed from afar by an orc priest

Illustrated notes

Levels and vault maps discovered:
D:1:      lemuel_arrival_room, layout_loops_ring
D:2:      layout_loops_corners, dreamdust_ecumenical_altar_statues
D:3:      minmay_angry_zag, layout_basic
D:4:      layout_rooms, minmay_bisected
D:5:      layout_basic, slow_altar_1, uniq_pikel, uniq_sigmund, uniq_menkaure
D:6:      layout_gridville, serial_shops, nicolae_shop_tiny_real_fake_doors,
          uniq_blork_the_orc

Skill      XL: |  1  2  3  4  5  6  7  8 |
---------------+-------------------------+-----
Fighting       | 4 5 6 |  6.2
Armour         | 4 5 6 |  6.2
Shields        | 5 7 |  7.5
Axes           | 3 4 5 |  5.1

Action                     |  1- 3 |  4- 6 |  7- 9 || total
---------------------------+-------+-------+-------++-------
  Melee: War axe           |    88 |   145 |    80 ||   313
  Throw: Boomerang         |       |     1 |     3 ||     4
Ability: Dig               |       |     1 |       ||     1
         Shaft Self        |       |     1 |       ||     1
  Evoke: Wand              |       |       |     3 ||     3
    Use: Potion            |       |     9 |     1 ||    10
         Scroll            |       |     3 |     6 ||     9
 Armour: Scale mail        |    61 |   125 |    63 ||   249
  Dodge: Dodged            |    35 |    61 |    20 ||   116
  Block: Buckler           |    21 |       |       ||    21
         Kite shield       |     2 |   100 |    36 ||   138

Table legend: (Time is in decaauts)
 A = Elapsed time spent in this place.
 B = Non-inter-level travel time spent in this place.
 C = Inter-level travel time spent in this place.
 D = Time resting spent in this place.
 E = Time spent auto-exploring this place.
 F = Levels seen in this place.
 G = Mean time per level.
                   A        B        C        D        E       F      G
               +--------+--------+--------+--------+--------+-----+--------+
         Total |   3886 |   3779 |    107 |    139 |   2758 |   6 |  647.7 |
       Dungeon |   3886 |   3779 |    107 |    139 |   2758 |   6 |  647.7 |
               +--------+--------+--------+--------+--------+-----+--------+

Top non-repeatable levels by time:
     D:3: 979 daAuts
     D:2: 901 daAuts
     D:1: 786 daAuts
     D:6: 534 daAuts
     D:5: 510 daAuts
     D:4: 174 daAuts
